 Dungeon Crawl Stone Soup version 0.24-a0-789-g35933f4585 (webtiles) character file.

Game seed: 17638682786593627602, levelgen mode: deterministic

76 Johnny the Digger (level 3, 0/28 HPs)
             Began as a Demigod Earth Elementalist on Oct 9, 2019.
             Slain by an adder (4 damage)
             ... on level 2 of the Dungeon.
             The game lasted 00:01:29 (1284 turns).

Johnny the Digger (Demigod Earth Elementalist)      Turns: 1284, Time: 00:01:30

Health: 0/28       AC:  2    Str: 11    XL:     3   Next: 89%
Magic:  4/9        EV: 13    Int: 21    God:
Gold:   70         SH:  0    Dex: 18    Spells: 5/6 levels left

rFire    . . .     SeeInvis .   i - +0 dagger (pain)
rCold    . . .     Gourm    .   (no shield)
rNeg     . . .     Faith    .   c - +0 robe
rPois    .         Spirit   .   (helmet restricted)
rElec    .         Reflect  .   (no cloak)
rCorr    .         Harm     .   (no gloves)
MR       .....                  (no boots)
Stlth    ++........             (no amulet)
HPRegen  0.09/turn              (no ring)
MPRegen  0.11/turn              (no ring)

@: lethally poisoned (0 -> -1)
A: horns 1, agile 1, high mp 1, sense surroundings 1
a: no special abilities


You were on level 2 of the Dungeon.
You were not hungry.

You visited 1 branch of the dungeon, and saw 2 of its levels.

You collected 70 gold pieces.

Inventory:

Hand Weapons
 i - a +0 dagger of pain (weapon)
Armour
 c - a +0 robe (worn)
Scrolls
 a - a scroll of blinking {unknown}
 e - a scroll of fear {unknown}
 g - a scroll of remove curse {unknown}
 h - 4 scrolls of identify {unknown}
 j - a scroll of teleportation {unknown}
 l - a scroll of enchant armour {unknown}
Comestibles
 d - 4 rations


   Skills:
 + Level 1.2 Fighting
 + Level 2.3 Dodging
 - Level 1.7 Stealth
 + Level 2.2 Spellcasting
   Level 0.8 Transmutations
 * Level 3.6 Earth Magic


You had 5 spell levels left.
You knew the following spells:

 Your Spells              Type           Power        Failure   Level  Hunger
a - Sandblast             Erth           ###...       3%          1    #......

Your spell library contained the following spells:

 Spells                   Type           Power        Failure   Level  Hunger
 Passwall                 Tmut/Erth      ##......     9%          2    ##.....
 Stone Arrow              Conj/Erth      #.....       21%         3    ###....
 Petrify                  Tmut/Erth      ##......     50%         4    #####..
 Lee's Rapid Deconstruct  Erth           ###.......   67%         5    ######.


Dungeon Overview and Level Annotations

Branches:
Dungeon (2/15)


Innate Abilities, Weirdness & Mutations

You have an increased reservoir of magic. (+10% MP)
You have a pair of small horns on your head.
You are agile. (Dex +2)
You passively map a small area around you.


Message History

The worker ant bites you but does no damage.
The worker ant bites you.
* * * LOW HITPOINT WARNING * * *
You hit the worker ant but do no damage.
You headbutt the worker ant.
You kill the worker ant!
The adder barely misses you.
You barely miss the adder. Your headbutt misses the adder.
You feel sick. The adder misses you.
You closely miss the adder. The adder misses you.
You miss the adder. The adder bites you.
* * * LOW HITPOINT WARNING * * *
The adder misses you.
You hit the adder. Your headbutt misses the adder.
The adder is lightly wounded.
The adder misses you.
You miss the adder.
The adder is lightly wounded.
You feel sick. The adder bites you.
You die...

###....#####.######
###.#.............# ,..
#...#.#.....#####.# ...
..##..#.##..# #..* #...
........##..# #.###....
.....####..## ##........
.######....# ##....... .#
#.##.###.....#* ##
...##...†..@#**
####..##.....†.#S#### #
.........####.......#....
#..#...## #........%... .
.... #............. ## ##
,*#...............
...##...........$ ..##
#..?......... #
#.....>...... *


You could see an adder.

Vanquished Creatures
  A worker ant (D:2)
  An adder (D:2)
  2 worms (D:2)
  2 dart slugs
  A giant cockroach (D:1)
  2 goblins
  5 hobgoblins (D:1)
  2 jackals (D:2)
  6 kobolds
  A quokka (D:2)
  4 bats (D:1)
  6 frilled lizards
  5 rats (D:1)
38 creatures vanquished.

Notes
Turn   | Place    | Note
-------+----------+-------------------------------------------
     0 | D:1      | Johnny the Demigod Earth Elementalist began the quest for
                  | the Orb.
     0 | D:1      | Reached XP level 1. HP: 14/14 MP: 5/5
    82 | D:1      | Reached skill level 3 in Earth Magic
    82 | D:1      | Reached XP level 2. HP: 22/22 MP: 1/7
  1064 | D:2      | Reached XP level 3. HP: 13/27 MP: 3/8
  1065 | D:2      | Reached skill level 1 in Fighting
  1273 | D:2      | Gained mutation: You passively map a small area around you.
                  | [potion of mutation]
  1273 | D:2      | Gained mutation: You are agile. (Dex +2) [potion of
                  | mutation]
  1273 | D:2      | Gained mutation: You have a pair of small horns on your
                  | head. [potion of mutation]
  1284 | D:2      | Slain by an adder

Levels and vault maps discovered:
D:1:      shiori_arrival_maze, layout_loops_corners, minmay_stone_trees_small,
          minmay_pentomino_o4
D:2:      layout_rooms, minivault_4

Skill      XL: |  1  2  3 |
---------------+----------+-----
Dodging        | 2 |  2.3
Earth Magic    | 3 |  3.6
Spellcasting   | 2 |  2.2
Fighting       | 1 |  1.2
Stealth        | |  1.7
Transmutations | |  0.8

Action                   || total
-------------------------++-------
Melee: Unarmed           ||    23
       Dagger            ||    31
       Headbutt          ||     3
 Cast: Sandblast         ||    46
  Use: Potion            ||     1
 Stab: Sleeping          ||     4
  Eat: Chunk             ||     2
Armor: Robe              ||     9
Dodge: Dodged            ||    43

Table legend:
 A = Non-vault XP
 B = Vault XP
 C = Vault XP percentage of total XP
 D = Non-vault monster count
 E = Vault monster count
 F = Vault count percentage of total count
                 A         B        C        D         E       F
            +---------+---------+-------+---------+---------+-------
      Total |      97 |      12 |  11.0 |      33 |       5 |  13.2
            +---------+---------+-------+---------+---------+-------
        D:1 |      24 |      12 |  33.3 |      19 |       5 |  20.8
        D:2 |      73 |       0 |   0.0 |      14 |       0 |   0.0
            +---------+---------+-------+---------+---------+-------
